Map: Efflorescence LE

Players

GaufreAuSuc - Winner!

  • Race: Zerg Zerg
  • Spawn Location: 12:00

Narik - Winner!

  • Race: Protoss Protoss
  • Spawn Location: 3:00

qqq

  • Race: Zerg Zerg
  • Spawn Location: 6:00

Massa

  • Race: Terran Terran
  • League: Platinum
  • Spawn Location: 9:00

VOD

Have the link to the VOD?

Description

Time

  • Played on: March 21, 2021, 4:10 p.m.
  • Length: 17:21
Show
View Real Time Build Order
Export as new Build Order

GaufreAuSuc Zerg - Winner!

Build Orders: Hatch First 

Get SALT Encoding   

  12  0:00  Drone  
  13  0:09  Drone  
  14  0:17  Overlord  
  14  0:35  Drone x3  
  17  0:46  Drone  
  18  0:58  Hatchery  
  18  1:00  Drone  
  18  1:05  Extractor  
  18  1:11  Drone  
  18  1:20  Spawning Pool  
  18  1:22  Drone  
  18  1:31  Drone  
  19  1:45  Drone  
  20  1:52  Drone  
  21  2:02  Overlord  
  21  2:12  Drone x2  
  21  2:13  Metabolic Boost  
  23  2:15  Queen x2  
  23  2:21  Overlord  
  27  2:24  Drone  
  28  2:31  Baneling Nest  
  28  2:32  Zergling x2  
  28  2:35  Zergling x2  
  29  2:43  Zergling x2  
  30  2:48  Zergling x2  
  31  2:58  Zergling x4  
  33  3:08  Zergling x2  
  33  3:09  Zergling x2  
  35  3:18  Zergling x4  
  37  3:26  Zergling x6  
  37  3:27  Zergling x6  
  43  3:39  Overlord  
  43  3:40  Overlord  
  43  3:50  Baneling x5  
  43  3:59  Hatchery  
  41  4:07  Zergling x2  
  41  4:08  Zergling x16  
  47  4:21  Zergling x2  
  47  4:22  Zergling x4  
  36  4:36  Zergling x2  
  36  4:37  Zergling x4  
  34  4:58  Baneling x2  
  33  5:00  Zergling x14  
  33  5:01  Zergling x2  
  34  5:17  Zergling x10  
  37  5:27  Baneling x4  
  37  5:28  Baneling  
  36  5:39  Zergling x10  
  36  5:40  Zergling x2  
  39  5:56  Zergling x14  
  39  6:06  Drone  
  39  6:07  Drone  
  40  6:11  Baneling x3  
  40  6:12  Baneling x2  
  40  6:14  Overlord  
  40  6:18  Zergling x4  
  40  6:26  Hatchery  
  37  6:34  Zergling x10  
  37  6:50  Zergling x2  
  37  6:51  Zergling x10  
  42  7:00  Drone  
  42  7:01  Drone x2  
  43  7:06  Baneling x2  
  43  7:10  Drone x4  
  47  7:19  Drone x3  
  47  7:22  Overlord  
  50  7:26  Overlord  
  50  7:29  Extractor  
  48  7:38  Drone x3  
  48  7:39  Drone  
  48  7:40  Drone  
  48  7:41  Extractor  
  48  7:42  Extractor  
  51  8:00  Drone x2, Lair  
  51  8:01  Drone  
  51  8:02  Drone  
  51  8:03  Drone x3  
  51  8:04  Drone  
  59  8:08  Drone x3  
  59  8:11  Drone  
  63  8:23  Drone  
  63  8:24  Drone x6  
  70  8:33  Drone x2  
  70  8:34  Drone x3  
  75  8:37  Extractor x2  
  73  8:41  Queen  
  75  8:54  Evolution Chamber  
  75  8:55  Evolution Chamber  
  73  9:00  Baneling x5  
  73  9:01  Baneling x2  
  73  9:02  Drone x3  
  76  9:04  Overlord x2  
  76  9:05  Baneling x2  
  76  9:06  Baneling x3  
  76  9:18  Centrifical Hooks  
  76  9:33  Hatchery, Zerg Melee Weapons Level 1  
  76  9:34  Zerg Ground Armor Level 1  
  75  9:41  Overlord  
  75  9:42  Hatchery  
  75  9:44  Overlord  
  74  9:48  Overlord  
  74  9:52  Baneling x3  
  74  9:53  Zergling x10  
  79  10:02  Pneumatized Carapace  
  79  10:04  Overseer  
  79  10:13  Drone  
  82  10:14  Drone x11  
  82  10:16  Zergling x2  
  82  10:17  Zergling x2  
  88  10:36  Zergling x2  
  88  10:37  Zergling x22  
  90  10:46  Zergling x6  
  90  10:51  Zergling x2  
  90  10:56  Baneling x2  
  84  10:57  Baneling x4  
  84  10:58  Baneling x4  
  84  10:59  Baneling x2  
  84  11:00  Zergling x2  
  84  11:01  Zergling x6  
  57  11:36  Zergling x20  
  66  11:40  Drone x3  
  66  11:41  Drone x3  
  66  11:42  Drone x2, Queen  
  66  11:43  Queen  
  66  11:46  Zerg Melee Weapons Level 2  
  78  11:48  Zerg Ground Armor Level 2  
  78  11:58  Overlord  
  78  12:01  Hatchery  
  78  12:03  Baneling x4  
  78  12:04  Baneling x4  
  78  12:07  Drone x5  
  82  12:17  Infestation Pit  
  81  12:38  Baneling x6  
  81  12:39  Baneling x3  
  81  12:51  Baneling x2  
  81  12:52  Baneling x3  
  81  13:06  Drone x3, Extractor  
  81  13:07  Drone x3  
  81  13:08  Extractor  
  81  13:09  Drone x3  
  81  13:12  Extractor  
  87  13:13  Drone x4  
  87  13:14  Extractor  
  87  13:15  Drone x3  
  87  13:16  Drone  
  87  13:17  Drone  
  87  13:18  Drone x2  
  87  13:19  Drone x2  
  99  13:20  Drone x6  
  105  13:28  Zergling x6  
  105  13:30  Baneling x3  
  105  13:33  Hive  
  108  13:42  Extractor  
  107  14:03  Zergling x2  
  107  14:04  Zergling x32  
  123  14:11  Overseer  
  122  14:18  Spire  
  73  14:52  Zergling x2  
  70  14:53  Zergling x24  
  82  15:05  Spawning Pool  
  81  15:07  Ultralisk Cavern  
  79  15:32  Mutalisk  
  79  15:33  Mutalisk x17  
  114  15:46  Drone  
  114  15:48  Drone x2  
  117  15:56  Lair  
  113  16:37  Mutalisk  
  113  16:38  Hatchery, Mutalisk x4  
  120  16:42  Overlord x6  
  120  16:43  Overlord  
Show
View Real Time Build Order
Export as new Build Order

Narik Protoss - Winner!

Build Orders: Carriers 

Get SALT Encoding   

  12  0:01  Probe  
  13  0:13  Probe  
  14  0:24  Pylon  
  14  0:27  Probe  
  15  0:42  Probe  
  16  0:44  Gateway  
  16  0:50  Assimilator  
  16  0:54  Probe  
  17  1:06  Probe  
  18  1:18  Probe  
  19  1:30  Pylon  
  19  1:35  Cybernetics Core  
  19  1:47  Pylon  
  19  1:49  Probe  
  20  2:02  Probe  
  21  2:10  Forge  
  22  2:22  Probe  
  22  2:23  Stargate  
  22  2:28  Pylon  
  22  2:31  Assimilator  
  22  2:37  Nexus  
  22  2:40  Pylon  
  22  2:51  Photon Cannon  
  22  2:58  Probe  
  23  3:09  Void Ray (Chrono Boost)  
  23  3:18  Photon Cannon  
  27  3:20  Probe  
  28  3:32  Probe  
  29  3:44  Probe  
  29  3:47  Stargate, Void Ray (Chrono Boost)  
  30  3:51  Probe  
  35  4:06  Probe x2  
  37  4:45  Shield Battery  
  33  5:04  Pylon, Void Ray (Chrono Boost)  
  33  5:06  Probe  
  34  5:12  Probe, Shield Battery  
  35  5:27  Void Ray (Chrono Boost)  
  35  5:29  Probe x2, Photon Cannon  
  35  5:32  Shield Battery  
  37  5:39  Assimilator  
  37  5:41  Probe x2, Assimilator  
  43  5:59  Void Ray x2 (Chrono Boost)  
  43  6:11  Probe x2  
  53  6:24  Probe  
  54  6:36  Pylon  
  54  6:37  Pylon  
  54  6:39  Pylon  
  54  6:54  Probe x2  
  56  7:00  Void Ray x2 (Chrono Boost)  
  56  7:10  Probe x2  
  66  7:24  Fleet Beacon  
  66  7:25  Protoss Shields Level 1 (Chrono Boost)  
  66  7:29  Protoss Air Weapons Level 1 (Chrono Boost)  
  66  7:35  Probe x2  
  68  7:47  Void Ray  
  68  7:48  Void Ray  
  68  7:53  Pylon  
  68  7:55  Pylon  
  76  7:58  Flux Vanes  
  76  8:14  Probe x2  
  78  8:31  Carrier  
  84  8:58  Nexus  
  84  9:00  Pylon  
  64  9:26  Carrier  
  70  9:47  Carrier  
  70  9:49  Probe x2  
  78  10:07  Probe x2  
  80  10:15  Probe, Pylon  
  80  10:19  Probe, Assimilator  
  82  10:24  Assimilator  
  82  10:45  Carrier (Chrono Boost)  
  88  10:55  Carrier (Chrono Boost)  
  94  11:15  Stargate  
  89  11:25  Probe x3  
  92  11:37  Probe x2  
  94  11:40  Protoss Air Armor Level 1 (Chrono Boost)  
  94  11:47  Photon Cannon  
  94  11:51  Photon Cannon  
  94  11:52  Shield Battery  
  94  11:55  Shield Battery  
  94  11:59  Probe x2, Shield Battery  
  94  12:00  Probe  
  97  12:03  Photon Cannon  
  97  12:06  Photon Cannon  
  97  12:08  Carrier x3  
  115  12:09  Pylon  
  115  12:14  Probe x3  
  118  12:23  Cybernetics Core  
  118  12:34  Probe  
  119  12:57  Probe  
  120  13:05  Photon Cannon  
  120  13:12  Carrier x2  
  128  13:21  Carrier  
  130  14:05  Protoss Air Weapons Level 2 (Chrono Boost)  
  130  14:12  Protoss Air Armor Level 2 (Chrono Boost)  
  130  14:15  Probe x2  
  130  14:16  Probe  
  130  14:17  Robotics Facility  
  133  14:18  Nexus  
  133  14:22  Assimilator  
  133  14:26  Assimilator  
  133  14:30  Pylon  
  133  14:31  Pylon  
  133  14:32  Pylon  
  133  14:34  Pylon  
  133  14:36  Pylon  
  133  14:46  Oracle  
  132  14:54  Carrier  
  132  14:55  Carrier  
  140  15:40  Carrier  
Show
View Real Time Build Order
Export as new Build Order

qqq Zerg 

Build Orders: Hatch First, Lurkers 

Get SALT Encoding   

  12  0:02  Drone  
  13  0:09  Drone  
  14  0:18  Overlord  
  14  0:46  Hatchery  
  13  0:52  Drone  
  13  0:53  Drone  
  15  0:57  Extractor  
  15  0:58  Drone  
  15  1:16  Spawning Pool  
  14  1:22  Drone  
  14  1:23  Drone  
  16  1:27  Drone  
  17  1:40  Drone  
  17  1:46  Drone  
  19  2:01  Drone  
  19  2:02  Drone  
  19  2:03  Queen  
  19  2:05  Metabolic Boost  
  23  2:16  Queen  
  25  2:24  Overlord  
  25  2:26  Drone  
  27  2:30  Zergling x2  
  27  2:33  Zergling x2  
  28  2:38  Overlord  
  28  2:45  Zergling x4  
  28  2:47  Zergling x2  
  31  2:53  Zergling x2  
  31  2:54  Zergling x2  
  33  3:03  Zergling x4  
  33  3:04  Evolution Chamber  
  34  3:11  Zergling x2  
  35  3:17  Zergling x4  
  37  3:20  Overlord  
  37  3:22  Zergling x2  
  37  3:24  Zergling x2  
  39  3:29  Zerg Melee Weapons Level 1  
  39  3:37  Zergling x6  
  42  3:41  Zergling x2  
  42  3:44  Zergling x2  
  44  3:51  Zergling x4  
  42  4:05  Zergling x2, Overlord x2  
  43  4:22  Overlord x3  
  35  4:40  Zergling x8  
  35  4:43  Zergling x2  
  38  4:48  Queen  
  38  4:52  Zergling x4  
  37  5:15  Zergling x4  
  37  5:16  Zergling x10  
  37  5:20  Zergling x2  
  37  5:21  Zergling x2  
  43  5:25  Zergling x2  
  44  5:33  Zerg Ground Armor Level 1  
  44  5:37  Zergling x4  
  46  5:46  Zergling x2, Overlord  
  44  5:58  Zergling x8  
  37  6:10  Drone  
  36  6:12  Drone  
  37  6:24  Zergling x6  
  40  6:33  Drone x4  
  44  6:40  Drone  
  44  6:41  Drone  
  44  6:42  Zergling x2  
  38  7:05  Hatchery  
  38  7:07  Queen  
  38  7:15  Spore Crawler  
  37  7:24  Zergling x6  
  37  7:25  Drone  
  37  7:29  Drone  
  42  7:32  Zergling x2  
  42  7:39  Zergling x2  
  43  7:52  Zergling x2  
  44  8:02  Baneling Nest  
  44  8:03  Lair  
  43  8:07  Extractor  
  43  8:08  Drone x2  
  44  8:29  Drone  
  44  8:30  Drone x3  
  48  8:41  Zergling x4  
  50  8:49  Zergling x6  
  50  8:54  Baneling  
  50  8:55  Baneling x3  
  53  8:56  Baneling x10  
  53  9:01  Extractor  
  52  9:06  Hydralisk Den  
  49  9:16  Zergling x10  
  49  9:17  Queen x2  
  53  9:28  Spore Crawler x2  
  48  9:40  Spore Crawler  
  48  9:44  Spore Crawler  
  47  9:45  Drone x2  
  47  9:46  Drone x2  
  47  9:47  Spore Crawler  
  49  9:53  Queen  
  51  10:03  Hydralisk x2  
  51  10:05  Spore Crawler  
  54  10:10  Hydralisk  
  54  10:13  Drone  
  57  10:29  Spore Crawler  
  56  10:42  Queen  
  56  10:47  Spore Crawler  
  56  10:49  Spore Crawler  
  49  10:55  Queen  
  44  11:05  Drone x6  
  35  11:34  Zergling x8  
  39  11:42  Drone x2  
  39  11:45  Lurker Den  
  40  11:50  Extractor  
  39  11:57  Hydralisk x2  
  39  11:59  Hydralisk x2  
  47  12:02  Baneling x4  
  47  12:03  Baneling x2  
  47  12:04  Baneling  
  47  12:05  Baneling  
  47  12:07  Baneling  
  47  12:19  Drone x2, Spore Crawler  
  47  12:20  Drone  
  49  12:56  Lurker x4  
  53  13:04  Hydralisk x2  
  57  13:13  Hydralisk  
  59  13:22  Hatchery  
  58  13:40  Hatchery  
  57  13:51  Hydralisk x2  
  57  13:53  Drone  
  59  14:32  Hydralisk x3  
  59  14:35  Drone  
  61  14:44  Hydralisk  
  55  14:50  Drone  
  53  14:57  Spore Crawler  
  48  15:07  Hydralisk x2, Muscular Augments  
  52  15:18  Hydralisk x2  
  56  15:33  Extractor  
  55  15:38  Drone x4  
  55  15:41  Spore Crawler  
  58  15:53  Hydralisk  
  58  15:54  Hydralisk x2  
  58  15:57  Hydralisk  
  66  16:06  Hydralisk  
  66  16:08  Hydralisk  
  70  16:15  Hydralisk  
  65  16:20  Hydralisk  
  55  16:34  Hydralisk x2  
  51  16:45  Drone x5  
  55  16:51  Hydralisk  
  50  17:17  Hatchery  
Show
View Real Time Build Order
Export as new Build Order

Massa Terran 

Build Orders:  

Get SALT Encoding   

  12  0:00  SCV  
  13  0:12  SCV  
  14  0:19  Supply Depot  
  14  0:24  SCV  
  15  0:40  SCV  
  15  0:42  Barracks  
  16  0:52  SCV  
  16  0:53  Supply Depot  
  17  0:58  Refinery  
  17  1:04  SCV  
  18  1:13  Barracks  
  18  1:19  SCV  
  19  1:31  Barracks  
  19  1:41  Barracks Tech Lab  
  19  1:53  Orbital Command  
  19  1:59  Supply Depot  
  19  2:02  Marine  
  19  2:06  Marine  
  21  2:18  Marine  
  21  2:19  Marine  
  23  2:26  Stimpack  
  23  2:31  Marine  
  23  2:36  Marine  
  25  2:37  Marine  
  26  2:49  Marauder  
  28  2:54  Marine  
  28  2:55  Marine  
  30  3:11  Marauder, Marine  
  33  3:13  Marine  
  33  3:17  Supply Depot  
  34  3:21  SCV  
  35  3:29  Marine  
  35  3:31  Marine  
  35  3:32  Marauder  
  39  3:47  Marine  
  40  3:48  Marine  
  40  3:53  Marauder  
  43  4:05  Marine  
  43  4:06  Marine  
  45  4:11  Command Center  
  45  4:15  Marauder  
  39  4:28  Marine x2  
  41  4:36  Marauder  
  43  4:46  Marine x2  
  37  4:57  Marauder  
  36  5:04  Marine x2  
  37  5:19  Marauder  
  37  5:20  SCV  
  40  5:22  Marine x2  
  35  5:32  SCV  
  36  5:39  Marine  
  36  5:40  Marauder, Marine  
  40  5:44  SCV  
  37  5:57  Marine x2  
  37  6:02  Marauder  
  37  6:07  Orbital Command  
  37  6:08  SCV  
  38  6:13  Factory  
  38  6:15  Marine x2  
  38  6:17  Factory  
  40  6:20  SCV  
  40  6:23  Marauder  
  40  6:25  Supply Depot  
  43  6:32  SCV  
  39  6:33  Marine x2  
  41  6:43  Barracks, Engineering Bay  
  41  6:44  Marauder  
  41  6:45  Barracks  
  38  6:48  Refinery  
  38  6:51  Marine  
  37  6:55  Marine  
  36  7:05  Combat Shield  
  36  7:06  Marauder  
  38  7:08  Factory Tech Lab, Marine  
  38  7:09  Factory Tech Lab  
  38  7:10  SCV  
  38  7:13  Marine  
  42  7:15  SCV  
  42  7:22  SCV, Terran Infantry Weapons Level 1  
  43  7:26  Marine  
  43  7:27  SCV, Marine  
  46  7:33  Missile Turret  
  46  7:35  SCV  
  46  7:36  Barracks Reactor  
  47  7:38  Barracks Tech Lab  
  47  7:40  Marine  
  48  7:44  Marine  
  48  7:45  Marauder  
  48  7:46  Widow Mine x2  
  55  7:58  Marine  
  56  8:02  Marine  
  57  8:18  Marine x2  
  57  8:19  Marine x3  
  62  8:20  SCV x2, Marine  
  62  8:24  Cyclone  
  68  8:29  Supply Depot  
  68  8:31  Supply Depot  
  68  8:32  SCV x2, Concussive Shells  
  70  8:39  Missile Turret  
  70  8:40  Barracks Reactor  
  70  8:50  SCV, Marine x5  
  70  8:52  Cyclone  
  79  8:56  Widow Mine  
  79  8:58  SCV  
  79  9:00  Refinery  
  79  9:01  Refinery  
  83  9:02  SCV  
  83  9:10  SCV  
  84  9:17  Widow Mine  
  86  10:34  Command Center  
  86  10:35  SCV, Marauder, Command Center  
  86  10:40  Marine  
  86  10:41  Marine x4  
  86  10:42  SCV, Marauder  
  74  10:54  SCV  
  74  10:56  Marauder  
  77  10:58  Marine  
  77  10:59  Marine x4  
  77  11:03  Marauder  
  84  11:16  Marine x2  
  84  11:18  Marauder, Siege Tank  
  84  11:19  Siege Tank  
  84  11:25  Marauder  
  80  11:33  Starport  
  80  11:39  Marauder  
  80  11:50  Cyclone  
  80  11:51  Cyclone  
  86  12:03  Orbital Command  
  86  12:05  SCV x3  
  89  12:13  Marine x3  
  89  12:14  Marine x4  
  96  12:17  SCV x3  
  96  12:19  Medivac  
  96  12:22  Terran Infantry Armor Level 1  
  101  12:23  Widow Mine x2  
  101  12:26  Armory  
  105  12:31  Marine x3  
  108  12:37  SCV  
  108  12:38  SCV x3  
  108  12:40  Refinery  
  108  12:43  Command Center  
  112  12:44  Refinery  
  112  12:45  Missile Turret  
  112  12:48  Sensor Tower  
  112  12:49  SCV, Medivac  
  112  12:50  SCV  
  116  12:54  Missile Turret  
  116  13:21  SCV x3  
  116  13:30  Supply Depot  
  116  13:33  Supply Depot  
  116  13:34  SCV, Marine, Supply Depot  
  116  13:35  Marine  
  116  13:36  Supply Depot x2  
  116  13:37  Marine, Supply Depot  
  116  13:51  SCV x2, Marine x4, Medivac  
  116  13:54  Marine x2, Thor, Supply Depot  
  116  13:55  SCV, Marine, Thor, Supply Depot x2  
  140  13:56  SCV, Supply Depot x2  
  140  13:58  Supply Depot  
  140  13:59  Supply Depot  
  140  14:00  Supply Depot  
  141  14:09  Marine x4  
  145  14:12  Marine  
  146  14:20  Supply Depot  
  146  14:21  Medivac  
  148  14:27  Marine x2  
  148  14:30  Marauder  
  134  14:50  Marauder, Marine x3  
  134  14:51  Marine x2, Medivac  
  134  14:52  Marauder, Thor x2  
  147  15:08  Marine x5  
  147  15:11  Marauder  
  147  15:12  Marine  
  144  15:26  Orbital Command, Marine x5  
  126  15:30  Marine  
  126  15:32  Marine  
  126  15:35  Thor x2  
  125  15:43  Marine  
  125  15:44  Marine x4  
  125  15:48  Marine  
  127  15:50  Marine  
  127  16:02  Marine  
  108  16:08  Marine  
  89  16:18  Thor x2  
  97  16:22  Barracks  
  92  16:29  Barracks  
  76  16:40  Barracks  
  76  16:46  Barracks  
  76  16:49  Barracks  
  76  16:50  Command Center  
  76  16:53  Engineering Bay  
  72  16:55  Refinery x2  
Tags
 
Add a new tag
Caveats
  • Supply blocks, unpowered buildings, or Contaminate may cause inaccurate times.
  • Supply counts are checked every 10 seconds.